 Seeded DCSS version 0.29-a0-878-g7b45a56 (webtiles) character file.

Game seed: 4054986823413723236 (custom seed)

6524 brinewave the Nimble (level 11, -10/84 HPs)
             Began as a Djinni Earth Elementalist on July 25, 2022.
             Was a Believer of Makhleb.
             Mangled by a yak (13 damage)
             ... on level 9 of the Dungeon.
             The game lasted 01:20:50 (11566 turns).

brinewave the Nimble (Djinni Earth Elementalist)   Turns: 11566, Time: 01:20:51

Health: -10/84     AC:  4    Str:  7    XL:     11   Next: 20%
Gold:   659        EV: 17    Int: 28    God:    Makhleb [**....] SH:  0 Dex: 13

rFire   + + +      SeeInvis .   C - staff of fire
rCold   . . .      Faith    .   (no shield)
rNeg    . . .      Spirit   .   a - +1 robe
rPois   ∞          Reflect  .   (no helmet)
rElec   .          Harm     .   I - +0 cloak {Stlth+}
rCorr   .          Rampage  .   (no gloves)
Will    +....                   (boots unavailable)
Stlth   +++.......              p - amulet of the acrobat
HPRegen 0.24/turn               c - +6 ring of intelligence
MPRegen 0.00/turn               A - ring of protection from cold

@: flying, hasted, very quick
A: sickness immunity, fire resistance 2, cold vulnerability 1, float, innate
caster, HP casting, extra vitality 1
a: Renounce Religion, Minor Destruction


You were on level 9 of the Dungeon.
You worshipped Makhleb.
Makhleb was pleased with you.
You visited 2 branches of the dungeon, and saw 10 of its levels.

You collected 659 gold pieces.

Inventory:

Hand Weapons
 b - a +4 trident of flaming
 h - a +0 sling of flaming
 i - a +1 dagger of freezing
 D - a +2 whip of freezing
 H - a +0 dagger of draining
 J - the +6 hand axe "Ten Qic Uti" {freeze, rF+ Dex+4}
   (You found it on level 8 of the Dungeon)

   It freezes those it strikes, dealing additional cold damage.
   It can also slow down cold-blooded creatures.
   Dex:       It affects your dexterity (+4).
   rF:        It protects you from fire.
 M - a +1 falchion of holy wrath
Missiles
 n - 54 stones
 o - a throwing net
 r - 29 poisoned darts
 Q - 2 silver boomerangs
Armour
 a - a +1 robe (worn)
 m - a +0 leather armour
 v - a +2 scale mail of positive energy
 F - the +7 fire dragon scales of Greed {rElec rF++ rC- rN+ Slay+3}
   (You found it on level 5 of the Dungeon)

   Slay:      It affects your accuracy & damage with ranged weapons and melee
   (+3).
   rF:        It greatly protects you from fire.
   rC:        It makes you vulnerable to cold.
   rElec:     It insulates you from electricity.
   rN:        It protects you from negative energy.
 I - a +0 cloak of stealth (worn)
 S - a +0 buckler
Magical Staves
 C - a staff of fire (weapon)
Jewellery
 c - a +6 ring of intelligence (left hand)
 d - a ring of resist corrosion
 p - an amulet of the acrobat (around neck)
 A - a ring of protection from cold (right hand)
 R - a ring of protection from cold
Wands
 w - a wand of quicksilver (9)
 z - a wand of paralysis (17)
 L - a wand of digging (8)
Scrolls
 f - 2 scrolls of fog {unknown}
 g - a scroll of summoning
 j - a scroll of blinking {unknown}
 k - 2 scrolls of amnesia {unknown}
 q - 2 scrolls of magic mapping
 s - 3 scrolls of enchant armour
 t - a scroll of poison {unknown}
 u - a scroll of enchant weapon {unknown}
 y - 2 scrolls of silence
 E - 3 scrolls of teleportation
 K - 4 scrolls of brand weapon
 P - 2 scrolls of noise {unknown}
Potions
 e - 5 potions of mutation
 l - a potion of brilliance {unknown}
 x - a potion of cancellation
 B - 5 potions of curing
 G - 2 potions of haste
 N - a potion of ambrosia {unknown}
 O - a potion of invisibility {unknown}


   Skills:
 + Level 9.1 Fighting
 + Level 10.8 Dodging
 - Level 1.5 Stealth
 + Level 7.8 Spellcasting


You had 2 spell levels left.
You knew the following spells:

 Your Spells              Type           Power      Damage    Failure   Level
a - Sandblast             Erth           100%       2d20      1%          1
b - Passwall              Tmut/Erth      44%        N/A       1%          2
c - Stone Arrow           Conj/Erth      100%       3d13      1%          3
d - Petrify               Tmut/Erth      53%        N/A       1%          4
e - Slow                  Hex            100%       N/A       1%          1
f - Scorch                Fire           100%       2d10      1%          2
g - Searing Ray           Conj           100%       2d8       1%          2
h - Ignite Poison         Fire/Tmut/Pois 70%        N/A       1%          3
i - Manifold Assault      Tloc           53%        N/A       5%          5
Your spell library was empty.

Dungeon Overview and Level Annotations

Branches:
Dungeon (9/15)             Temple (1/1) D:6            Lair (0/5) D:8
    Orc (0/2) D:9

Altars:
Ashenzari
Cheibriados
Dithmenos
Elyvilon
Fedhas
Gozag
Hepliaklqana
Makhleb
Nemelex Xobeh
Okawaru
Qazlal
Ru
Uskayaw
Wu Jian
Xom
Yredelemnul
Zin
The Shining One

Shops:
D:1 (


Innate Abilities, Weirdness & Mutations

You are immune to sickness and miasma.
You are immune to poison.
Your flesh is very heat resistant. (rF++)
You are vulnerable to cold. (rC-)
You float through the air rather than walking.
You learn spells naturally, not from books.
Your magical power is your life essence.
You have superior vitality. (+4 MHP)


Message History

Casting: Stone Arrow (safe; 1% risk of failure)
Confirm with . or Enter, or press ? or * to list all spells.
Aiming: Stone Arrow (safe; 1% risk of failure)
Press: ? - help, Shift-Dir - straight line, f - yak
Aim: a yak (severely wounded, 87% to hit)
The stone arrow hits the yak!!
You kill the yak!
Makhleb accepts your kill.
There is a stone staircase leading down here.
You start resting.
HP restored.
You fly downwards.
The yak gores you! The yak completely misses you. The yak gores you!
The yak gores you. The yak barely misses you. The yak gores you.
There is a stone staircase leading up here.
The yak closely misses you. The yak gores you! The yak misses you.
The yak gores you! The yak misses you.
You fly upwards.
There is a stone staircase leading down here.
The yak closely misses you. The yak gores you.
* * * LOW HITPOINT WARNING * * *
The yak barely misses you. The yak gores you!
* * * LOW HITPOINT WARNING * * *
The yak closely misses you.
You fly downwards.
The yak gores you!
* * * LOW HITPOINT WARNING * * *
The yak misses you.
There is a stone staircase leading up here.
Okay, then.
Okay, then.
Okay, then.
Casting: Stone Arrow (safe; 1% risk of failure)
Confirm with . or Enter, or press ? or * to list all spells.
Okay, then.
Unknown command.
Okay, then.
Okay, then.
You feel yourself speed up. The yak completely misses you.
The yak barely misses you. The yak completely misses you. The yak gores you!
You die...

##### #### ####...#
#..######......#
#.........#.#..###############
#.....................)).)....
#.........#.#........######...
#....................# #...
#........###YYY......# ##..
####...........>@Y......# #..
...............YYY......#######..
.................................
..........#####..########........
..........# #..#....Y.#........
..........# #..#...YYY#........
#.........# #..#.Y..YY#........
#.........# #..#..YY.Y'........
#.........# #..########........


You could see 7 yaks.

Vanquished Creatures
  2 two-headed ogres
  Pikel (D:5)
  A gargoyle (D:8)
  2 hornets (D:8)
  Sigmund (D:3)
  A wraith (D:8)
  5 yaks
  2 steam dragons
  A water moccasin (D:8)
  An orc warrior (D:8)
  2 ice beasts (D:6)
  A black bear (D:6)
  2 sky beasts (D:7)
  2 lemures (D:5)
  4 phantoms
  A kobold brigand (D:6)
  Blork the orc (D:5)
  2 bullfrogs
  2 gnoll sergeants (D:9)
  A necrophage (D:6)
  2 scorpions
  3 wights (D:7)
  6 killer bees (D:9)
  4 howler monkeys
  7 orc priests
  2 jellies
  Crazy Yiuf (D:5)
  Jessica (D:2)
  3 iguanas
  6 orc wizards
  Terence (D:3)
  10 gnolls
  4 adders
  A shadow imp (D:6)
  A white imp (D:8)
  2 worms
  A dart slug (D:2)
  44 orcs
  5 bats
  3 bat skeletons (D:5)
  A bat zombie (D:5)
  13 endoplasms
  5 giant cockroaches
  5 goblins
  8 hobgoblins
  14 jackals
  8 quokkas
  7 ball pythons
  2 frilled lizards (D:1)
  17 kobolds
  5 rats
227 creatures vanquished.

Vanquished Creatures (others)
  8 fungi (D:7)
  A withered plant (D:1)
9 creatures vanquished.

Grand Total: 236 creatures vanquished

Notes
Turn   | Place    | Note
-------+----------+-------------------------------------------
     0 | D:1      | brinewave the Djinni Earth Elementalist began the quest for
                  | the Orb.
     0 | D:1      | brinewave set off with the following spells memorised:
                  | Sandblast, Passwall, Stone Arrow, Petrify.
     0 | D:1      | Reached XP level 1. HP: 15/15 MP: 0/0
   336 | D:1      | Reached XP level 2. HP: 18/21 MP: 0/0
  1241 | D:1      | Reached skill level 3 in Dodging
  1241 | D:1      | Reached XP level 3. HP: 23/25 MP: 0/0
  1241 | D:1      | Learned a level 1 spell: Slow
  1407 | D:1      | Found Kiatat's Antique Weapon Emporium.
  1479 | D:1      | Found a faded altar of an unknown god.
  1776 | D:2      | Reached XP level 4. HP: 30/31 MP: 0/0
  1856 | D:2      | Noticed Jessica
  2038 | D:2      | Killed Jessica
  2412 | D:2      | Reached skill level 4 in Dodging
  2500 | D:2      | Reached XP level 5. HP: 35/35 MP: 0/0
  2500 | D:2      | Learned a level 2 spell: Scorch
  2869 | D:3      | Noticed Terence
  2876 | D:3      | Killed Terence
  3160 | D:3      | Noticed Sigmund
  3463 | D:4      | Reached skill level 1 in Fighting
  3463 | D:4      | Reached XP level 6. HP: 24/42 MP: 0/0
  3693 | D:4      | Found a sparkling altar of Nemelex Xobeh.
  4218 | D:4      | Found an ornate altar of the Wu Jian Council.
  4218 | D:4      | Found a hide-covered altar of Uskayaw.
  4256 | D:4      | Found an opulent altar of Gozag.
  4309 | D:4      | Reached skill level 5 in Dodging
  4427 | D:5      | Entered Level 5 of the Dungeon
  4427 | D:5      | Noticed Pikel
  4432 | D:4      | Reached XP level 7. HP: 35/49 MP: 0/0
  4432 | D:4      | Learned a level 2 spell: Searing Ray
  4563 | D:3      | Killed Sigmund
  4634 | D:3      | Found a glowing golden altar of the Shining One.
  5314 | D:5      | Found a broken altar of Ashenzari.
  5402 | D:5      | Noticed Blork the orc
  5409 | D:5      | Killed Blork the orc
  5426 | D:5      | HP: 1/50 [lemure[Pikel] (7)]
  5437 | D:5      | Killed Pikel
  5438 | D:5      | Reached skill level 6 in Dodging
  5438 | D:5      | Reached skill level 5 in Spellcasting
  5438 | D:5      | Reached XP level 8. HP: 18/58 MP: 0/0
  5697 | D:5      | Identified the +7 fire dragon scales of Greed {rElec rF++
                  | rC- rN+ Slay+3}
  5927 | D:5      | Found a white marble altar of Elyvilon.
  6011 | D:5      | Found a runed translucent door.
  6012 | D:5      | Noticed Crazy Yiuf
  6022 | D:5      | Killed Crazy Yiuf
  6405 | D:6      | Found a staircase to the Ecumenical Temple.
  6417 | D:6      | Reached skill level 5 in Fighting
  6417 | D:6      | Reached skill level 7 in Dodging
  6475 | Temple   | Entered the Ecumenical Temple
  6523 | Temple   | Became a worshipper of Makhleb the Destroyer
  6545 | D:6      | Reached XP level 9. HP: 61/65 MP: 0/0
  6545 | D:6      | Learned a level 3 spell: Ignite Poison
  7048 | D:6      | Found a stormy altar of Qazlal.
  7353 | D:7      | Reached skill level 8 in Dodging
  7552 | D:6      | Reached * piety under Makhleb
  7924 | D:7      | Found a shimmering altar of Xom.
  8453 | D:8      | Noticed a two-headed ogre
  8474 | D:8      | Killed a two-headed ogre
  8475 | D:8      | Reached skill level 9 in Dodging
  8475 | D:8      | Reached XP level 10. HP: 63/75 MP: 0/0
  8704 | D:8      | Found a staircase to the Lair.
  8961 | D:8      | Identified the +6 hand axe "Ten Qic Uti" {freeze, rF+
                  | Dex+4}
  9018 | D:8      | Noticed a gargoyle
  9026 | D:8      | Killed a gargoyle
 10024 | D:9      | Reached ** piety under Makhleb
 10036 | D:9      | Reached skill level 10 in Dodging
 10077 | D:9      | Found a staircase to the Orcish Mines.
 10197 | D:9      | HP: 3/76 [killer bee (4)]
 10693 | D:9      | Noticed a two-headed ogre
 10706 | D:9      | Killed a two-headed ogre
 10707 | D:9      | Reached XP level 11. HP: 60/82 MP: 0/0
 10707 | D:9      | Learned a level 5 spell: Manifold Assault
 10826 | D:9      | Found a blossoming altar of Fedhas.
 11210 | D:9      | Found a sacrificial altar of Ru.
 11565 | D:9      | HP: 2/84 [yak (14)]
 11566 | D:9      | Mangled by a yak

Illustrated notes

Levels and vault maps discovered:
D:1:      lightli_arrival_windingriver, layout_rooms,
          ebering_ecumenical_altar_petrified, serial_shops, nicolae_square_shop,
          minmay_ruptured
D:2:      wad_pebble_path, layout_loops_ring, uniq_jessica
D:3:      layout_rooms, lemuel_coloured_pillars_altar,
          chequers_serial_rivers_micro_c, kennysheep_minor_cross, uniq_terence,
          uniq_sigmund
D:4:      layout_basic, nicolae_gozag_cash_rules_everything_around_me,
          kennysheep_mini_moat, gammafunk_temple_overflow_elements,
          grunt_ministairs_8, kennysheep_generic_room_10
D:5:      layout_gridville, kennysheep_vampire_church,
          mainiacjoe_overflow_alcove_4, cheibrodos_ashenzari_chains,
          uniq_blork_the_orc, uniq_pikel, uniq_crazy_yiuf_cottage
D:6:      layout_cave_pools, grunt_temple_overflow_open,
          minmay_temple_entry_butterflies, kennysheep_nub
D:7:      layout_rooms, mainiacjoe_overflow_chevrons, nrook_uturn,
          small_statue_intersection
D:8:      layout_gridville, lair_entry_dummy, kennysheep_generic_room_6
D:9:      layout_irregular_city, mainiacjoe_overflow_brackets,
          mainiacjoe_overflow_boulevard, hiddenorc2_lemuel, serial_glass,
          glass_columns_a, glass_columns_a
Temple:   hellmonk_temple_of_storms

Skill      XL: |  1  2  3  4  5  6  7  8  9 10 11 |
---------------+----------------------------------+-----
Dodging        | 3 4 5 6 7 9 10 | 10.8
Spellcasting   | 3 4 5 6 7 |  7.8
Fighting       | 1 2 4 5 7 8 9 |  9.1
Stealth        | |  1.5

Action                   |  1- 3 |  4- 6 |  7- 9 | 10-12 || total
-------------------------+-------+-------+-------+-------++-------
Melee: Dagger            |     1 |     4 |     2 |       ||     7
       Unarmed           |       |     3 |       |       ||     3
       Staff             |       |       |     6 |     4 ||    10
Throw: Stone             |     7 |     1 |       |       ||     8
       Dart              |     4 |    12 |    14 |       ||    30
 Cast: Sandblast         |    51 |    92 |   116 |    44 ||   303
       Slow              |       |     8 |    29 |    13 ||    50
       Scorch            |       |     8 |       |     1 ||     9
       Searing Ray       |       |       |    24 |    14 ||    38
       Petrify           |       |       |     5 |     3 ||     8
       Stone Arrow       |       |       |     1 |    43 ||    44
       Manifold Assault  |       |       |       |     1 ||     1
Invok: Minor Destruction |       |       |       |     1 ||     1
  Use: Scroll            |     2 |     6 |     5 |     3 ||    16
       Potion            |       |       |     1 |     3 ||     4
 Stab: Petrified         |       |       |     2 |       ||     2
       Sleeping          |       |       |     1 |       ||     1
Armor: Robe              |     1 |    14 |    19 |     7 ||    41
Dodge: Dodged            |    12 |    48 |   124 |   122 ||   306

Table legend: (Time is in decaauts)
 A = Elapsed time spent in this place.
 B = Non-inter-level travel time spent in this place.
 C = Inter-level travel time spent in this place.
 D = Time resting spent in this place.
 E = Time spent auto-exploring this place.
 F = Levels seen in this place.
 G = Mean time per level.
                   A        B        C        D        E       F      G
               +--------+--------+--------+--------+--------+-----+--------+
         Total |  11901 |  11530 |    371 |   4416 |   4560 |  10 | 1190.1 |
       Dungeon |  11847 |  11476 |    371 |   4416 |   4532 |   9 | 1316.3 |
        Temple |     53 |     53 |      0 |      0 |     28 |   1 |   53.0 |
               +--------+--------+--------+--------+--------+-----+--------+

Top non-repeatable levels by time:
     D:8: 1728 daAuts
     D:1: 1588 daAuts
     D:9: 1453 daAuts
     D:6: 1368 daAuts
     D:4: 1353 daAuts
     D:5: 1288 daAuts
     D:2: 1188 daAuts
     D:7: 953 daAuts
     D:3: 925 daAuts
  Temple: 53 daAuts
